 Dungeon Crawl Stone Soup version 0.25-a0-571-gb5e01bddfa (webtiles) character file.

Game seed: 1295419257608457895, levelgen mode: deterministic

2548 Flugslaktarn the Cleaver (level 9, 0/82 HPs)
             Began as a Deep Dwarf Fighter on Feb 29, 2020.
             Was a Follower of Makhleb.
             Splashed by a centaur's acid (6 damage)
             ... on level 7 of the Dungeon.
             The game lasted 00:03:49 (4167 turns).

Flugslaktarn the Cleaver (Deep Dwarf Fighter)       Turns: 4167, Time: 00:03:49

Health: 0/82       AC:  9    Str: 22    XL:     9   Next: 30%
Magic:  5/5        EV: 11    Int: 10    God:    Makhleb [*.....]
Gold:   142        SH: 12    Dex: 12    Spells: 8/8 levels left

rFire    . . .     SeeInvis .   a - +0 war axe
rCold    + . .     Gourm    .   g - +1 kite shield
rNeg     . . .     Faith    .   s - +0 plate armour
rPois    .         Spirit   .   (no helmet)
rElec    .         Reflect  .   (no cloak)
rCorr    .         Harm     .   (no gloves)
MR       +....                  (no boots)
Stlth    ..........             (no amulet)
HPRegen  0.00/turn              v - +4 ring of evasion
MPRegen  0.09/turn              c - ring of protection from cold

@: corroded, non-regenerating
A: damage resistance, heal wounds, hooves 1, repulsion field 1, sense
surroundings 2, wild magic 1, no regeneration
a: Heal Wounds, Renounce Religion


You were on level 7 of the Dungeon.
You worshipped Makhleb.
Makhleb was aware of your devotion.
You were not hungry.

You visited 1 branch of the dungeon, and saw 7 of its levels.
You also visited: Sewer.

You collected 262 gold pieces.
You spent 120 gold pieces at shops.

Inventory:

Hand Weapons
 a - a +0 war axe (weapon)
Armour
 g - a +1 kite shield (worn)
 s - a +0 plate armour (worn)
   (You took it off an orc warrior on level 7 of the Dungeon)
 y - the +0 chain mail of the Sky {rN+ Regen+ Str-2}
   (You found it on level 6 of the Dungeon)

   It affects your strength (-2).
   It protects you from negative energy.
   It increases your rate of regeneration.
   If you switch to wearing this armour, your AC will decrease by 3 (9 -> 6).
Jewellery
 c - a ring of protection from cold (right hand)
   (You found it on level 1 of the Dungeon)
 k - an uncursed ring of resist corrosion
   (You took it off a centaur on level 6 of the Dungeon)
 v - a +4 ring of evasion (left hand)
   (You found it on level 4 of the Dungeon)
Wands
 i - a wand of iceblast (6)
   (You took it off Ijyb on level 3 of the Dungeon)
 o - a wand of paralysis (7)
   (You found it on level 4 of the Dungeon)
 u - a wand of enslavement (9)
   (You found it on level 5 of the Dungeon)
Scrolls
 f - a scroll of magic mapping
 p - a scroll of enchant armour
 r - a scroll of identify
 t - 2 scrolls of teleportation
 w - 4 scrolls of remove curse
Potions
 b - 2 potions of flight
 d - 2 potions of might
 h - 2 potions of haste
 l - a potion of mutation
 m - a potion of lignification
 n - a potion of resistance
 q - a potion of curing
Comestibles
 e - 10 rations
 j - 7 chunks of flesh


   Skills:
 + Level 5.7 Fighting
 * Level 8.9 Axes
 + Level 6.8 Armour
 + Level 6.9 Shields
 + Level 3.4 Invocations


You had 8 spell levels left.
You didn't know any spells.
Your spell library was empty.

Dungeon Overview and Level Annotations

Branches:
Dungeon (7/15)             Temple (0/1) D:6           Sewer (visited)

Altars:
Ashenzari
Cheibriados
Dithmenos
Elyvilon
Gozag
Makhleb
Nemelex Xobeh
Okawaru
Qazlal
Uskayaw
Wu Jian
Yredelemnul
Zin

Shops:
D:5 !


Innate Abilities, Weirdness & Mutations

You are resistant to damage.
You can heal yourself by infusing magical energy.
You passively map the area around you.
You do not regenerate.
You have large cloven feet.
You are surrounded by a mild repulsion field. (EV +2)
Your spells are a little harder to cast, but a little more powerful.


Message History

Aiming: Paralyse
Press: ? - help, Shift-Dir - straight line, f - centaur
Aim: a centaur, quivering 20 arrows and carrying a wand of acid (2) (lightly wounded, chance to defeat MR: 46%)
The centaur resists with some effort.
The centaur hits you but does no damage.
The centaur closely misses you.
Evoke which item? (* to show all) (? for menu, Esc to quit)
Aiming: Paralyse
Press: ? - help, Shift-Dir - straight line, f/p - centaur
Aim: a centaur, quivering 20 arrows and carrying a wand of acid (2) (lightly wounded, chance to defeat MR: 46%)
The centaur resists with some effort.
The centaur zaps a wand.
The bolt of acid hits you!
* * * LOW HITPOINT WARNING * * *
You are splashed with acid!
* * * LOW HITPOINT WARNING * * *
You feel much better. You block the centaur's attack.
The centaur zaps a wand.
The bolt of acid hits you!!
* * * LOW HITPOINT WARNING * * *
You are splashed with acid!
You die...

,, , , ** * * #....... * *
........#, * , ###..... ,
........# ,,, #..... *
,,........#,, , #.....
........# , #..... *
........# ,#######....[ *
,,........###+#...........
*,,.......c#...#...........
* .......@#...#...........
, ........'...#...........
,........#...#........... *
........#...#...........
,........#'###...........
**
,,........................
###..........#######.... ,
#..........#.....#.... , ,
#..........#.....#....


You could see a centaur.

Vanquished Creatures
  Pikel (D:4)
  Eustachio (D:5)
  Menkaure (D:5)
  Duvessa (D:6)
  4 slaves (D:4)
  2 orc warriors
  A phantom (D:6)
  An ice beast (D:7)
  A necrophage (D:6)
  2 ogres
  A centaur (D:6)
  4 big kobolds (Sewer)
  A bullfrog (D:7)
  Dowan (D:6)
  A scorpion (D:7)
  A howler monkey (D:4)
  A crimson imp (D:5)
  2 hounds (D:6)
  An orc priest (D:6)
  A bullfrog skeleton (D:7)
  An orc wizard (D:6)
  Ijyb (D:3)
  An iguana (D:7)
  4 worker ants
  A hound skeleton (D:7)
  5 adders
  A river rat (Sewer)
  A shadow imp (D:5)
  6 oozes
  An adder skeleton (D:6)
  An adder zombie (D:5)
  13 worms
  A dart slug (D:3)
  A leopard gecko (D:3)
  6 orcs
  4 ball pythons
  5 giant cockroaches
  6 goblins
  4 hobgoblins
  10 jackals
  3 quokkas
  A bat (D:2)
  2 frilled lizards
  A jackal skeleton (D:7)
  3 kobolds
  A quokka skeleton (D:6)
  9 rats
122 creatures vanquished.

Notes
Turn   | Place    | Note
-------+----------+-------------------------------------------
     0 | D:1      | Flugslaktarn the Deep Dwarf Fighter began the quest for the
                  | Orb.
     0 | D:1      | Reached XP level 1. HP: 20/20 MP: 1/1
   199 | D:2      | Reached XP level 2. HP: 27/27 MP: 2/2
   263 | D:2      | Found a sparkling altar of Nemelex Xobeh.
   283 | D:2      | Reached skill level 3 in Axes
   283 | D:2      | Reached XP level 3. HP: 31/33 MP: 3/3
   366 | D:3      | Noticed Ijyb
   375 | D:3      | Killed Ijyb
   385 | D:3      | Reached XP level 4. HP: 35/42 MP: 4/4
   447 | D:3      | Found a shattered altar of Ashenzari.
   688 | D:4      | Noticed an ogre
   695 | D:4      | Killed an ogre
   695 | D:4      | Reached skill level 4 in Axes
   695 | D:4      | Reached XP level 5. HP: 42/49 MP: 4/4
   710 | D:4      | Noticed Pikel
   710 | D:4      | Noticed a slave
   711 | D:4      | Noticed a slave
   711 | D:4      | Noticed a slave
   711 | D:4      | Noticed a slave
   737 | D:4      | Killed a slave
   742 | D:4      | Killed a slave
   750 | D:4      | Killed a slave
   751 | D:4      | Killed a slave
   754 | D:4      | Killed Pikel
   754 | D:4      | Reached skill level 5 in Axes
   754 | D:4      | Reached skill level 5 in Armour
   754 | D:4      | Reached skill level 5 in Shields
   754 | D:4      | Reached XP level 6. HP: 27/57 MP: 2/2
   754 | D:4      | Reached XP level 7. HP: 30/64 MP: 3/3
   821 | D:4      | Reached skill level 6 in Axes
  1175 | D:5      | Entered Level 5 of the Dungeon
  1193 | D:5      | Found Icofutix's Distillery.
  1196 | D:5      | Bought a potion of haste for 120 gold pieces
  1216 | D:5      | Found a glowing drain.
  1233 | Sewer    | Entered a sewer
  1760 | Sewer    | Reached XP level 8. HP: 45/73 MP: 4/4
  1926 | D:5      | Noticed Eustachio
  1986 | D:5      | Killed Eustachio
  1986 | D:5      | Reached skill level 7 in Axes
  2072 | D:5      | Found an opulent altar of Gozag.
  2125 | D:5      | Noticed Menkaure
  2136 | D:5      | Killed Menkaure
  2136 | D:5      | Reached skill level 5 in Fighting
  2656 | D:6      | Found a stormy altar of Qazlal.
  2659 | D:6      | Found a glowing silver altar of Zin.
  2670 | D:6      | Found an iron altar of Okawaru.
  2674 | D:6      | Found a hide-covered altar of Uskayaw.
  2676 | D:6      | Found a basalt altar of Yredelemnul.
  2677 | D:6      | Found a white marble altar of Elyvilon.
  2678 | D:6      | Found a burning altar of Makhleb.
  2680 | D:6      | Found an ornate altar of the Wu Jian Council.
  2681 | D:6      | Found a snail-covered altar of Cheibriados.
  2685 | D:6      | Became a worshipper of Makhleb the Destroyer
  2868 | D:6      | Reached skill level 1 in Invocations
  2869 | D:6      | Found a staircase to the Ecumenical Temple.
  2885 | D:6      | Got a twisted chain mail
  2906 | D:6      | Identified the cursed +0 chain mail of the Sky {rN+ Regen+
                  | Str-2} (You found it on level 6 of the Dungeon)
  2921 | D:6      | Gained mutation: You passively map the area around you.
                  | [potion of mutation]
  2921 | D:6      | Gained mutation: You have large cloven feet. [potion of
                  | mutation]
  2921 | D:6      | Gained mutation: Your spells are a little harder to cast,
                  | but a little more powerful. [potion of mutation]
  2921 | D:6      | Gained mutation: You are surrounded by a mild repulsion
                  | field. (EV +2) [potion of mutation]
  3082 | D:6      | Reached skill level 8 in Axes
  3539 | D:6      | Found a shadowy altar of Dithmenos.
  3545 | D:6      | Mutation became permanent: You passively map a small area
                  | around you. [Deep Dwarf growth]
  3545 | D:6      | Gained mutation: You passively map the area around you.
                  | [Deep Dwarf growth]
  3545 | D:6      | Reached XP level 9. HP: 47/81 MP: 4/4
  3727 | D:6      | Noticed Duvessa
  3727 | D:6      | Noticed Dowan
  3745 | D:6      | Killed Duvessa
  3753 | D:6      | Killed Dowan
  3928 | D:7      | Reached * piety under Makhleb
  4167 | D:7      | Splashed by a centaur's acid

Levels and vault maps discovered:
D:1:      dpeg_arrival_yet_another_circle, layout_basic
D:2:      layout_basic, chequers_ecumenical_altar_simple_redux,
          nemelex_dance_club_becter
D:3:      layout_basic, ashenzari_altar_1, first_ration,
          kennysheep_generic_room_4, uniq_terence, uniq_ijyb
D:4:      layout_cave_pools, uniq_pikel
D:5:      layout_loops_ring, basic_altar, cheibrodos_sewer_entry_drain,
          serial_shops, kennysheep_mini, hex_tiny, uniq_menkaure, uniq_eustachio
D:6:      minmay_evil_eye, layout_layer_cave, nicolae_dithmenos_shadow_blocks,
          minitemple, minmay_temple_entry_statues, minivault_25, uniq_duvessa
D:7:      layout_gridville, basic_altar

Skill      XL: |  1  2  3  4  5  6  7  8  9 |
---------------+----------------------------+-----
Axes           | 3 4 5 6 8 |  8.9
Fighting       | 3 4 5 |  5.7
Armour         | 4 5 6 |  6.8
Shields        | 4 5 6 |  6.9
Invocations    | 2 3 |  3.4

Action                   |  1- 3 |  4- 6 |  7- 9 || total
-------------------------+-------+-------+-------++-------
Melee: War axe           |    69 |   119 |   551 ||   739
       Kick              |       |       |    40 ||    40
 Abil: Heal Wounds       |     1 |     7 |    18 ||    26
Evoke: Wand              |       |       |     2 ||     2
  Use: Scroll            |       |       |    13 ||    13
       Potion            |       |       |     1 ||     1
  Eat: Chunk             |       |       |     7 ||     7
       Ration            |       |       |     2 ||     2
Armor: Scale mail        |    30 |    77 |   118 ||   225
       Chain mail        |       |       |    42 ||    42
       Plate armour      |       |       |     4 ||     4
Dodge: Dodged            |    17 |    63 |   263 ||   343
Block: Kite shield       |    25 |   102 |   280 ||   407

Table legend:
 A = Non-vault XP
 B = Vault XP
 C = Vault XP percentage of total XP
 D = Non-vault monster count
 E = Vault monster count
 F = Vault count percentage of total count
                 A         B        C        D         E       F
            +---------+---------+-------+---------+---------+-------
      Total |    1598 |    2043 |  56.1 |      76 |      42 |  35.6
            +---------+---------+-------+---------+---------+-------
        D:1 |       6 |       0 |   0.0 |       3 |       0 |   0.0
        D:2 |      41 |      10 |  19.6 |      17 |       2 |  10.5
        D:3 |      60 |      36 |  37.5 |      19 |       1 |   5.0
        D:4 |     217 |     663 |  75.3 |       6 |       1 |  14.3
        D:5 |      99 |     374 |  79.1 |       5 |       5 |  50.0
        D:6 |     663 |     424 |  39.0 |      14 |       5 |  26.3
        D:7 |     512 |       0 |   0.0 |      12 |       0 |   0.0
      Sewer |       0 |     536 | 100.0 |       0 |      28 | 100.0
            +---------+---------+-------+---------+---------+-------
